 Dungeon Crawl Stone Soup version 0.27.0-1-g7a08968 (webtiles) character file.

Game seed: 13481025349473344082

921 NeededCrab the Chiller (level 8, -7/52 HPs)
             Began as a Merfolk Ice Elementalist on Oct 20, 2021.
             Splashed by Ijyb's acid (16 damage)
             ... on level 4 of the Dungeon.
             The game lasted 00:13:11 (4359 turns).

NeededCrab the Chiller (Merfolk Ice Elementalist)   Turns: 4359, Time: 00:13:12

Health: -7/52      AC:  6    Str: 10    XL:     8   Next: 10%
Magic:  7/14       EV: 14    Int: 15    God:
Gold:   233        SH:  0    Dex: 14    Spells: 8/15 levels left

rFire    + . .     SeeInvis .   h - +0 trident
rCold    . . .     Faith    .   (no shield)
rNeg     . . .     Spirit   .   a - +0 robe
rPois    .         Reflect  .   v - +0 helmet
rElec    .         Harm     .   (no cloak)
rCorr    .         Rampage  .   (no gloves)
Will     .....                  (no boots)
Stlth    ++........             (no amulet)
HPRegen  0.17/turn              e - +4 ring of protection
MPRegen  0.14/turn              l - ring of protection from fire

@: ice-armoured, corroded, freezing walls
A: (nimble swimmer 2), mertail
a: no special abilities


You were on level 4 of the Dungeon.
You visited 1 branch of the dungeon, and saw 5 of its levels.

You collected 233 gold pieces.

Inventory:

Hand Weapons
 h - a +0 trident (weapon)
Armour
 a - a +0 robe (worn)
 o - a +0 leather armour
 v - a +0 helmet (worn)
Jewellery
 e - a +4 ring of protection (left hand)
 l - a ring of protection from fire (right hand)
Wands
 u - a wand of charming (11)
Scrolls
 c - 2 scrolls of enchant armour {unknown}
 g - 3 scrolls of vulnerability {unknown}
 i - 2 scrolls of immolation {unknown}
 k - a scroll of summoning {unknown}
 m - 2 scrolls of identify {unknown}
 n - a scroll of enchant weapon {unknown}
 p - a scroll of amnesia {unknown}
 q - a scroll of blinking {unknown}
 t - a scroll of acquirement {unknown}
 w - a scroll of teleportation {unknown}
 x - a scroll of noise {unknown}
Potions
 b - a potion of haste {unknown}
 d - a potion of mutation {unknown}
 f - 2 potions of cancellation {unknown}
 j - a potion of curing {unknown}
 r - a potion of heal wounds {unknown}
 s - a potion of lignification {unknown}


   Skills:
 + Level 5.9 Polearms
 + Level 5.8 Dodging
 - Level 2.1 Stealth
 + Level 4.1 Spellcasting
 * Level 7.4 Ice Magic


You had 8 spell levels left.
You knew the following spells:

 Your Spells              Type           Power      Damage    Failure   Level
a - Freeze                Ice            100%       1d11      1%          1
b - Ozocubu's Armour      Ice            25%        N/A       2%          3
c - Frozen Ramparts       Ice            50%        1d7       2%          3

Your spell library contained the following spells:

 Spells                   Type           Power      Damage    Failure   Level
 Sublimation of Blood     Necr           1%         N/A       26%         2
 Hailstorm                Conj/Ice       14%        3d5       36%         4
 Petrify                  Tmut/Erth      3%         N/A       87%         4
 Irradiate                Conj/Tmut      1%         3d13      99%         5


Dungeon Overview and Level Annotations

Branches:
Dungeon (5/15)
 Temple: D:4-7

Altars:

Annotations:
D:4 Ijyb


Innate Abilities, Weirdness & Mutations

((You are quick and stealthy near water. (Stealth+, EV+, Speed+++)))
Your lower body shifts to a powerful aquatic tail in water.


Message History

You have reached level 8!
The frozen ramparts melt away.
Your icy armour starts to melt.
Your icy armour evaporates.
HP restored.
x - a scroll labelled SISORE SA BAGA You now have 233 gold pieces (gained 12).
A hobgoblin comes into view.
Casting: Ozocubu's Armour (dangerous; 2% risk of failure)
Confirm with . or Enter, or press ? or * to list all spells.
Casting: Frozen Ramparts (dangerous; 2% risk of failure)
Press: ? - help, Dir - look around, f - activate The walls around you are covered in ice.
The hobgoblin shouts!
You hear a shout!
The wall freezes the hobgoblin.
The wall freezes the hobgoblin.
You kill the hobgoblin!
Ijyb is nearby!
Ijyb screams, "You nasty!
Big nasty!"
The frozen ramparts melt away.
Casting: Frozen Ramparts (dangerous; 2% risk of failure)
Confirm with . or Enter, or press ? or * to list all spells.
Casting: Frozen Ramparts (dangerous; 2% risk of failure)
Press: ? - help, Dir - look around, f - activate The walls around you are covered in ice.
Ijyb zaps a wand.
The bolt of acid misses you.
Casting: Frozen Ramparts (dangerous; 2% risk of failure)
Confirm with . or Enter, or press ? or * to list all spells.
A film of ice covers your body!
Ijyb zaps a wand.
The bolt of acid hits you! The acid corrodes you!
You are splashed with acid!
Ijyb screams, "Level is mine!
All mine!"
Ijyb zaps a wand.
The bolt of acid misses you.
You hit Ijyb.
Ijyb is lightly wounded.
The wall freezes Ijyb.
Ijyb grins evilly.
Ijyb zaps a wand.
The bolt of acid hits you!!
* * * LOW HITPOINT WARNING * * *
The acid corrodes you!
You are splashed with acid!
You die...

###......#.. .......###........
...........##..#..............
.##........#.....##............#
...........#......#.............
.g....................>.....<...
$...............##.............)
...............###..............
.......># #...g†###....#........
.......## ##@###..#.#.......#
.......#..####..##..####........
................##(..#..........
..).... ..##...##.[..#..........
....... ###.................
....... #................##
....(l. #..................
#.#...##..<........
.....#####..........


You could see Ijyb.

Vanquished Creatures
  A wyvern (D:4)
  An ogre (D:5)
  A black bear (D:5)
  A bullfrog (D:5)
  2 scorpions (D:5)
  A hound (D:5)
  4 orc priests
  An iguana (D:5)
  3 orc wizards
  A hound skeleton (D:4)
  2 howler monkey zombies (D:5)
  3 gnolls (D:5)
  2 adders
  A dart slug (D:1)
  12 orcs
  5 ball pythons
  8 bats
  7 endoplasms
  2 goblins (D:3)
  6 hobgoblins
  4 jackals (D:1)
  6 quokkas
  A frilled lizard (D:1)
  6 kobolds
  3 rats (D:1)
84 creatures vanquished.

Notes
Turn   | Place    | Note
-------+----------+-------------------------------------------
     0 | D:1      | NeededCrab the Merfolk Ice Elementalist began the quest for
                  | the Orb.
     0 | D:1      | Reached XP level 1. HP: 13/13 MP: 3/3
   227 | D:1      | Reached skill level 1 in Polearms
   261 | D:1      | Reached XP level 2. HP: 7/19 MP: 1/5
   906 | D:1      | Reached XP level 3. HP: 24/24 MP: 4/6
  1120 | D:1      | You fall into a shaft and drop 1 floor!
  1435 | D:1      | Learned a level 3 spell: Ozocubu's Armour
  2022 | D:3      | Reached XP level 4. HP: 25/30 MP: 2/7
  2070 | D:3      | Learned a level 3 spell: Frozen Ramparts
  2627 | D:3      | You fall into a shaft and drop 2 floors!
  2627 | D:5      | Entered Level 5 of the Dungeon
  2629 | D:5      | Noticed a scorpion
  2634 | D:5      | Noticed a scorpion
  2648 | D:5      | Noticed a bullfrog
  2655 | D:5      | Killed a bullfrog
  2656 | D:5      | Reached skill level 5 in Ice Magic
  2656 | D:5      | Reached XP level 5. HP: 30/35 MP: 1/9
  2849 | D:5      | Noticed an ogre
  2857 | D:5      | Killed an ogre
  2858 | D:5      | Reached XP level 6. HP: 34/41 MP: 3/10
  2934 | D:5      | Noticed a black bear
  2954 | D:5      | Killed a black bear
  2955 | D:5      | Reached skill level 6 in Ice Magic
  3111 | D:5      | Reached XP level 7. HP: 34/46 MP: 2/12
  3300 | D:5      | Reached skill level 5 in Polearms
  3300 | D:5      | Reached skill level 5 in Dodging
  3732 | D:4      | Noticed Ijyb
  3835 | D:4      | Noticed a wyvern
  3979 | D:4      | Reached skill level 7 in Ice Magic
  4223 | D:4      | Killed a wyvern
  4224 | D:4      | Reached XP level 8. HP: 36/52 MP: 7/14
  4359 | D:4      | Splashed by Ijyb's acid

Illustrated notes

Levels and vault maps discovered:
D:1:      lemuel_arrival_muddy, layout_basic
D:2:      layout_rooms
D:3:      layout_basic
D:4:      layout_cave_pools, minmay_overflow_temple_hex, serial_park, uniq_ijyb
D:5:      layout_loops_ring

Skill      XL: |  1  2  3  4  5  6  7 |
---------------+----------------------+-----
Polearms       | 1 2 3 4 5 |  5.9
Dodging        | 3 4 5 |  5.8
Ice Magic      | 5 6 7 |  7.4
Spellcasting   | 3 4 |  4.1
Stealth        | |  2.1

Action                   |  1- 3 |  4- 6 |  7- 9 || total
-------------------------+-------+-------+-------++-------
Melee: Unarmed           |    27 |       |       ||    27
       Trident           |    46 |    63 |    67 ||   176
 Cast: Freeze            |    41 |       |       ||    41
       Ozocubu's Armour  |     4 |     6 |     9 ||    19
       Frozen Ramparts   |       |     9 |    15 ||    24
 Stab: Sleeping          |     2 |     2 |       ||     4
Armor: Robe              |    42 |    17 |    25 ||    84
Dodge: Dodged            |    93 |    28 |    40 ||   161
